 Dungeon Crawl Stone Soup version 0.31-a0-355-g57cb03d3e8 (webtiles) character file.

Game seed: 5049084125899575737

153 hashsling the Cudgeller (level 5, -3/33 HPs)
             Began as a Gargoyle Reaver on July 24, 2023.
             Slain by an orc
             ... wielding a +0 flail
              (6 damage)
             ... on level 4 of the Dungeon.
             The game lasted 00:08:11 (2392 turns).

hashsling the Cudgeller (Gargoyle Reaver)           Turns: 2392, Time: 00:08:12

Health: -3/33      AC: 17    Str: 18    XL:     5   Next: 35%
Magic:  8/8        EV:  5    Int: 13    God:
Gold:   182        SH:  0    Dex:  8    Spells: 7/8 levels left

rFire   . . .        a - +0 mace
rCold   . . .        (no shield)
rNeg    + . .        s - +0 plate armour
rPois   ∞            (no helmet)
rElec   +            g - +0 cloak
rCorr   .            j - +0 pair of gloves
SInv    .            (no boots)
Will    .....        (no amulet) Stlth
                     (no ring)
HPRegen 0.25/turn    (no ring)
MPRegen 0.11/turn

%: no passive effects
@: no status effects
A: sickness immunity, AC +4, negative energy resistance 1, electricity
resistance, torment resistance 1, petrification resistance
a: no special abilities


You were on level 4 of the Dungeon.
You visited 1 branch of the dungeon, and saw 4 of its levels.

You collected 182 gold pieces.

Inventory:

Hand Weapons
 a - a +0 mace (weapon)
 q - a +0 flail
Missiles
 d - 35 stones
 p - 5 poisoned darts
Armour
 f - a +0 ring mail
 g - a +0 cloak (worn)
 j - a +0 pair of gloves (worn)
 s - a +0 plate armour (worn)
Jewellery
 b - an amulet of magic regeneration
Scrolls
 c - 2 scrolls of identify {unknown}
 e - a scroll of immolation {unknown}
 h - a scroll of blinking {unknown}
 i - 2 scrolls of fog {unknown}
 k - a scroll of teleportation {unknown}
 l - 2 scrolls of enchant armour {unknown}
 t - a scroll of fear {unknown}
Potions
 m - 3 potions of might {unknown}
 n - a potion of curing {unknown}
 o - a potion of attraction {unknown}
 r - a potion of haste {unknown}


   Skills:
 * Level 3.8 Fighting
 * Level 4.1 Maces & Flails
 * Level 2.4 Armour
 - Level 2.0 Dodging
 - Level 2.0 Spellcasting
 - Level 3.2 Conjurations


You had 7 spell levels left.
You knew the following spells:

 Your Spells              Type           Power      Damage    Failure   Level
a - Kiss of Death         Conj/Necr      20%        2d7       99%         1

Your spell library contained the following spells:

 Spells                   Type           Power      Damage    Failure   Level
 Blink                    Tloc           2%         N/A       100%        2
 Momentum Strike          Conj/Tloc      10%        3d8       100%        2
 Hailstorm                Conj/Ice       5%         3d4       100%        3
 Tukima's Dance           Hex            1%         N/A       100%        3
 Manifold Assault         Tloc           1%         N/A       100%        4
 Passage of Golubria      Tloc           1%         N/A       100%        4
 Yara's Violent Unravell  Hex/Tmut       0%         3d3       100%        5


Dungeon Overview and Level Annotations

Branches:
Dungeon (4/15)
 Temple: D:4-7

Altars:
Dithmenos


Innate Abilities, Weirdness & Mutations

You are immune to sickness and miasma.
Your stone body is resilient. (AC +4)
You are immune to poison.
You resist negative energy. (rN+)
You are resistant to electric shocks. (rElec)
You are resistant to unholy torment.
You are immune to petrification.


Message History

The adder barely misses you.
An orc comes into view. It is wielding a +0 whip.
The adder bites you but does no damage.
An endoplasm comes into view.
The adder bites you but does no damage.
You hit the adder.
The adder is moderately wounded.
The adder bites you but does no damage.
You hit the adder.
The adder is severely wounded.
The adder barely misses you. The adder bites you.
You sock the adder!
You kill the adder!
You barely miss the orc. The orc hits you but does no damage.
You hit the orc.
The orc is almost dead.
The orc hits you with a +0 whip. x2
You hit the orc.
You kill the orc!
You hit the orc.
The orc is severely wounded.
The orc hits you but does no damage.
You barely miss the orc.
The orc is severely wounded.
The orc hits you but does no damage.
The orc priest mumbles some strange prayers to Beogh against you.
Beogh smites you!
You hit the orc but do no damage.
The orc is severely wounded.
The orc hits you with a +0 hand axe.
You closely miss the orc.
The orc is severely wounded.
The orc hits you but does no damage.
You hit the orc but do no damage. The orc hits you but does no damage.
You completely miss the orc.
The orc priest mumbles some strange prayers to Beogh against you.
Beogh smites you!
* * * LOW HITPOINT WARNING * * *
The orc hits you with a +0 flail.
You die...

#.#.#.#.# ........#
#.#.#.#.#################
........##..............###
#.#.#.#.##.##########.#....
......o.##@#...[.#....#....
#.#.#.#..#o#..##.#.####..##
......Jo.oJ##.#.....<....#$
..##..####.##.#.##.#.##..#$
#. #.##.#..#.......#( #
#.##.######.#...##
#.#.........#.....
#.############.... #.#
#........


You could see an orc priest, an orc and an endoplasm.

Vanquished Creatures
  5 adders
  3 gnolls (D:3)
  2 worms
  2 dart slugs (D:1)
  An orc (D:4)
  8 bats
  5 endoplasms
  6 giant cockroaches
  6 goblins
  6 hobgoblins
  9 kobolds
  2 quokkas (D:1)
  4 ball pythons
  6 frilled lizards
  3 rats (D:1)
68 creatures vanquished.

Notes
Turn   | Place    | Note
-------+----------+-------------------------------------------
     0 | D:1      | hashsling the Gargoyle Reaver began the quest for the Orb.
     0 | D:1      | Reached XP level 1. HP: 12/12 MP: 3/3
   123 | D:1      | Reached XP level 2. HP: 10/18 MP: 5/5
   161 | D:1      | Reached skill level 1 in Armour
   392 | D:1      | Reached XP level 3. HP: 22/22 MP: 6/6
   975 | D:2      | Reached XP level 4. HP: 26/28 MP: 7/7
  1517 | D:3      | Found a faded altar of an unknown god.
  1759 | D:3      | Found a shadowy altar of Dithmenos.
  1918 | D:3      | Reached skill level 4 in Maces & Flails
  1918 | D:3      | Reached XP level 5. HP: 29/33 MP: 8/8
  2392 | D:4      | Slain by an orc

Illustrated notes

Levels and vault maps discovered:
D:1:      scummos_arrival_hexagon, layout_basic
D:2:      layout_loops_cross, kennysheep_generic_room_10
D:3:      layout_loops_ring, mainiacjoe_overflow_chevrons,
          hellmonk_ecumenical_altar_leap_of_faith, hangedman_decor_push
D:4:      layout_basic, serial_glass, glass_columns_b, glass_columns_c,
          glass_columns_a, glass_columns_a, due_unseen_surprise,
          item_on_display_a, uniq_blork_the_orc, uniq_robin

Skill      XL: |  1  2  3  4 |
---------------+-------------+-----
Armour         | 1 2 |  2.4
Fighting       | 3 |  3.8
Dodging        | 2 |  2.0
Maces & Flails | 4 |  4.1
Spellcasting   | |  2.0
Conjurations   | |  3.2

Action                     |  1- 3 |  4- 6 || total
---------------------------+-------+-------++-------
  Melee: Mace              |   104 |   147 ||   251
         Punch             |     1 |       ||     1
         Flail             |       |     8 ||     8
 Armour: Leather armour    |    19 |       ||    19
         Ring mail         |    44 |    78 ||   122
         Plate armour      |       |     8 ||     8
  Dodge: Dodged            |    68 |    91 ||   159

Table legend: (Time is in decaauts)
 A = Elapsed time spent in this place.
 B = Non-inter-level travel time spent in this place.
 C = Inter-level travel time spent in this place.
 D = Time resting spent in this place.
 E = Time spent auto-exploring this place.
 F = Levels seen in this place.
 G = Mean time per level.
                   A        B        C        D        E       F      G
               +--------+--------+--------+--------+--------+-----+--------+
         Total |   2447 |   2383 |     64 |      0 |   1758 |   4 |  611.8 |
       Dungeon |   2447 |   2383 |     64 |      0 |   1758 |   4 |  611.8 |
               +--------+--------+--------+--------+--------+-----+--------+

Top non-repeatable levels by time:
     D:3: 1012 daAuts
     D:1: 718 daAuts
     D:2: 652 daAuts
     D:4: 64 daAuts
